 Dungeon Crawl Stone Soup version 0.26-a0-835-g8259106e14 (webtiles) character file.

Game seed: 16204555551066161687

2 strifetoe the Magician (level 1, -1/10 HPs)
             Began as a Kobold Wanderer on Nov 17, 2020.
             Slain by a jackal (3 damage)
             ... on level 1 of the Dungeon.
             The game lasted 00:00:23 (48 turns).

strifetoe the Magician (Kobold Wanderer)              Turns: 48, Time: 00:00:23

Health: -1/10      AC:  2    Str:  8    XL:     1   Next: 44%
Magic:  4/4        EV: 13    Int: 14    God:
Gold:   0          SH:  0    Dex: 14    Spells: 6/6 levels left

rFire    . . .     SeeInvis .   a - +0 dagger
rCold    . . .     Faith    .   (shield restricted)
rNeg     . . .     Spirit   .   d - +0 robe
rPois    .         Reflect  .   (no helmet)
rElec    .         Harm     .   (no cloak)
rCorr    .         Rampage  .   (no gloves)
MR       .....                  (no boots)
Stlth    +++.......             (no amulet)
HPRegen  0.03/turn              (no ring)
MPRegen  0.09/turn              (no ring)

@: no status effects
A: small, nightstalker 3
a: no special abilities


You were on level 1 of the Dungeon.
You visited 1 branch of the dungeon, and saw 1 of its levels.

Inventory:

Hand Weapons
 a - a +0 dagger (weapon)
Armour
 d - a +0 robe (worn)


   Skills:
 + Level 1.1 Short Blades
 - Level 1.3 Stealth
 - Level 1.0 Shields
 - Level 3.2 Spellcasting
 - Level 1.0 Necromancy
 - Level 1.0 Transmutations
 - Level 2.0 Fire Magic
 - Level 1.0 Poison Magic


You had 6 spell levels left.
You didn't know any spells.
Your spell library contained the following spells:

 Spells                   Type           Power        Failure   Level
 Foxfire                  Conj/Fire      #...         14%         1
 Freeze                   Ice            #...         22%         1
 Summon Small Mammal      Summ           #...         22%         1
 Conjure Flame            Conj/Fire      #.......     38%         3
 Inner Flame              Hex/Fire       #.......     38%         3
 Frozen Ramparts          Ice            #.....       54%         3
 Summon Guardian Golem    Hex/Summ       #.......     54%         3
 Sticky Flame             Conj/Fire      #.......     80%         4
 Fireball                 Conj/Fire      #.........   98%         5


Dungeon Overview and Level Annotations

Branches:
Dungeon (1/15)

Altars:


Innate Abilities, Weirdness & Mutations

You are small and have problems with some larger weapons.
You are completely attuned to the shadows.


Message History

The jackal closely misses you. The jackal barely misses you.
Unknown command.
You closely miss the jackal.
The jackal is heavily wounded.
The jackal misses you.
You hit the jackal.
The jackal is severely wounded.
The jackal misses you.
You hit the jackal.
You kill the jackal!
The jackal barely misses you.
Your Short Blades skill increases to level 1!
You barely miss the jackal. The jackal closely misses you.
You hit the jackal.
The jackal is moderately wounded.
The jackal barely misses you.
You closely miss the jackal.
The jackal is moderately wounded.
The jackal bites you.
You die...

#.≈.≈...≈.≈.
#.≈.≈≈≈≈≈.
#.≈......
#.≈≈≈.
#...≈.
#.≈≈≈.
#.≈!.>
#.≈)≈≈
#@≈.≈.
#h≈≈≈.
#hl...
...### ....#
l....+


You could see a leopard gecko and 2 jackals.

Vanquished Creatures
  2 jackals (D:1)
2 creatures vanquished.

Notes
Turn   | Place    | Note
-------+----------+-------------------------------------------
     0 | D:1      | strifetoe the Kobold Wanderer began the quest for the Orb.
     0 | D:1      | strifetoe set off with the following items: a +0 dagger, a
                  | +0 robe; and the following spells available to memorise:
                  | Foxfire, Freeze, Summon Small Mammal, Conjure Flame, Inner
                  | Flame, Frozen Ramparts, Summon Guardian Golem, Sticky
                  | Flame, Fireball
     0 | D:1      | Reached XP level 1. HP: 10/10 MP: 4/4
    46 | D:1      | Reached skill level 1 in Short Blades
    48 | D:1      | Slain by a jackal

Illustrated notes

Levels and vault maps discovered:
D:1:      evilmike_arrival_hilbert_curve, layout_basic

Skill      XL: |  1 |
---------------+----+-----
Short Blades   | 1 |  1.1
Stealth        | |  1.3
Shields        | |  1.0
Spellcasting   | |  3.2
Necromancy     | |  1.0
Transmutations | |  1.0
Fire Magic     | |  2.0
Poison Magic   | |  1.0

Action                   || total
-------------------------++-------
Melee: Dagger            ||    32
Armor: Robe              ||     5
Dodge: Dodged            ||    33

Table legend: (Time is in decaauts)
 A = Elapsed time spent in this place.
 B = Non-inter-level travel time spent in this place.
 C = Inter-level travel time spent in this place.
 D = Time resting spent in this place.
 E = Time spent auto-exploring this place.
 F = Levels seen in this place.
 G = Mean time per level.
                   A        B        C        D        E       F      G
               +--------+--------+--------+--------+--------+-----+--------+
         Total |     47 |     47 |      0 |      0 |     14 |   1 |   47.0 |
       Dungeon |     47 |     47 |      0 |      0 |     14 |   1 |   47.0 |
               +--------+--------+--------+--------+--------+-----+--------+

Top non-repeatable levels by time:
     D:1: 47 daAuts
